 Dungeon Crawl Stone Soup version 0.16.1-7-g2c6721e (webtiles) character file.

289 Chiseanne the Skirmisher (level 6, -12/49 HPs)
             Began as a Demonspawn Monk on Mar 29, 2015.
             Was a Believer of Ashenzari.
             Mangled by an ogre
             ... wielding a +0 giant club
              (16 damage)
             ... on level 4 of the Dungeon.
             The game lasted 00:15:38 (5266 turns).

Chiseanne the Skirmisher (Demonspawn Monk)          Turns: 5266, Time: 00:15:39

Health: -12/49     AC:  6    Str: 13    XL:     6   Next: 9%
Magic:  7/7        EV: 11    Int: 11    God:    Ashenzari [**....]
Gold:   173        SH:  4    Dex: 16    Spells: 0 memorised, 5 levels left

rFire  . . .     SeeInvis .     f - +0 short sword
rCold  . . .     Clarity  .     h - +0 ring mail (curse)
rNeg   . . .     SustAb   .     m - +0 buckler
rPois  .         Gourm    .     (no helmet)
rElec  .         Spirit   .     (no cloak)
rCorr  .         Warding  .     s - +0 pair of gloves
rMut   .         Rnd*Tele +     (no boots)
MR     .....                    (no amulet)
Stlth  +++.......               (no ring)
                                c - ring of teleportation (curse)

@: not resistant to hostile enchantments, fairly stealthy
A: nightstalker 1
a: Renounce Religion, Evoke Teleportation


You were on level 4 of the Dungeon.
You worshipped Ashenzari.
Ashenzari was pleased with you.
You were hungry.

You visited 1 branch of the dungeon, and saw 4 of its levels.

You collected 173 gold pieces.

Inventory:

Hand weapons
 f - a +0 short sword (weapon)
Missiles
 d - 11 tomahawks (quivered)
 e - 14 arrows
 k - 6 sling bullets of frost
 l - a throwing net
Armour
 h - a cursed +0 ring mail (worn)
 m - a +0 buckler (worn)
 s - a +0 pair of gloves (worn)
Jewellery
 c - a cursed ring of teleportation (left hand)
 i - a cursed ring of flight
Magical devices
 n - a wand of fireball (0)
Scrolls
 g - 2 scrolls of fog
 j - a scroll of magic mapping
 q - a scroll of immolation
Potions
 o - a potion of mutation {unknown}
 p - a potion of ambrosia
 r - 3 potions of agility {unknown}
 t - 2 potions of might {unknown}
 u - a potion of poison {unknown}
Books
 a - a book of Battle

   Spells                             Type                      Level
   a - Infusion                       Charms                       1
   b - Shroud of Golubria             Charms/Translocation         2
   c - Song of Slaying                Charms                       2
   d - Spectral Weapon                Hexes/Charms                 3
   e - Regeneration                   Charms/Necromancy            3
Comestibles
 b - 2 bread rations
 v - a meat ration


   Skills:
 * Level 4.4 Fighting
 * Level 2.2 Armour
 - Level 3.3 Dodging
 * Level 3.2 Stealth
 * Level 1.2 Shields
 - Level 3.6 Unarmed Combat
 * Level 1.2 Evocations


You had 5 spell levels left.
You didn't know any spells.

Dungeon Overview and Level Annotations

Branches:
Dungeon (4/15)
 Temple: D:4-7

Altars:
Ashenzari
Nemelex Xobeh

Annotations:
D:3 hornqvist's ghost, average DsGl


Innate Abilities, Weirdness & Mutations

You are slightly more attuned to the shadows.


Message History

The ogre is moderately wounded.
The ogre closely misses you. The kobold hits you but does no damage.
You hit the ogre.
The ogre is heavily wounded.
The ogre hits you with a giant club. The kobold hits you with a whip.
You hit the ogre.
The ogre is heavily wounded.
You block the kobold's attack. The ogre hits you with a giant club.
You hit the ogre.
The ogre is heavily wounded.
You block the kobold's attack.
You hit the ogre.
The ogre is severely wounded.
The ogre hits you with a giant club!!
* * * LOW HITPOINT WARNING * * *
The kobold misses you.
You hit the ogre but do no damage.
The ogre is severely wounded.
The ogre hits you with a giant club!
You die...

##..## #...#
#...## #...#
##...###...#
##.........# *#.#
#..........##
**..#
.....###.....##
*...# ..####
##.....### #...##
##
#.......###.....##
*
#####...@O........
####.K.#######
##..# ####


You could see an ogre and a kobold.

Vanquished Creatures
  An ogre (D:4)
  A centaur skeleton (D:4)
  2 worker ants (D:4)
  3 adders
  3 worms (D:2)
  3 giant geckos
  5 giant cockroaches
  6 goblins
  10 hobgoblins
  2 jackals (D:1)
  2 oozes (D:1)
  A quokka (D:4)
  11 bats
  9 giant newts
  11 kobolds
  A quokka skeleton (D:4)
  10 rats
81 creatures vanquished.

Notes
Turn   | Place    | Note
--------------------------------------------------------------
     0 | D:1      | Chiseanne, the Demonspawn Monk, began the quest for the Orb.
     0 | D:1      | Reached XP level 1. HP: 18/18 MP: 1/1
   376 | D:1      | Gained mutation: You are slightly more attuned to the shadows. [demonic ancestry]
   376 | D:1      | Reached XP level 2. HP: 10/24 MP: 2/2
  1180 | D:1      | Reached XP level 3. HP: 26/29 MP: 3/3
  1504 | D:2      | HP: 1/29 [worm (9)]
  2136 | D:2      | Found a shattered altar of Ashenzari.
  2159 | D:2      | Became a worshipper of Ashenzari the Shackled
  2159 | D:2      | Acquired Ashenzari's first power
  2258 | D:2      | Reached skill level 1 in Armour
  2740 | D:2      | Reached XP level 4. HP: 37/37 MP: 4/4
  3111 | D:2      | Reached skill level 4 in Fighting
  3600 | D:3      | Noticed hornqvist's ghost (average DsGl)
  4006 | D:4      | Reached XP level 5. HP: 14/42 MP: 5/5
  4186 | D:4      | Noticed an ogre
  4195 | D:4      | Killed an ogre
  4195 | D:4      | Reached skill level 1 in Shields
  4337 | D:4      | Found a sparkling altar of Nemelex Xobeh.
  4427 | D:4      | Reached skill level 1 in Evocations
  4654 | D:4      | HP: 2/43 [poisoned by a worker ant]
  4657 | D:4      | Reached XP level 6. HP: 6/49 MP: 5/7
  5248 | D:4      | Noticed an ogre
  5266 | D:4      | Mangled by an ogre

Action                   |  1- 3 |  4- 6 || total
-------------------------+-------+-------++-------
Melee: Unarmed           |    88 |       ||    88
       Short sword       |   143 |   184 ||   327
Throw: Tomahawk          |     7 |     8 ||    15
Evoke: Wand              |       |     2 ||     2
  Use: Scroll            |     3 |     3 ||     6
       Potion            |     1 |     3 ||     4
 Stab: Sleeping          |     5 |     7 ||    12
  Eat: Chunk             |     6 |     6 ||    12
       Beef jerky        |       |     1 ||     1
